 Dungeon Crawl Stone Soup version 0.14-a0-1546-g4b4961f (webtiles) character file.

194 4tharraofdagon the Twirler (level 4, 0/37 HPs)
             Began as a Demigod Gladiator on Dec 18, 2013.
             Succumbed to poison (a potion of poison)
             ... on Level 2 of the Dungeon.
             The game lasted 00:03:48 (885 turns).

4tharraofdagon the Twirler (Demigod Gladiator)       Turns: 885, Time: 00:03:48

HP   0/37        AC  7     Str 25 (26) XL: 4   Next: 61%
MP   7/7         EV 13     Int 19      God:
Gold 63          SH  2     Dex 16      Spells:  0 memorised,  4 levels left

rFire  . . .     SeeInvis +     a - +0 quarterstaff
rCold  . . .     Clarity  .     b - +0 leather armour
rNeg   . . .     Conserve .     (no shield)
rPois  .         rCorr    .     c - +0 helmet
rElec  .         rRot     .     (no cloak)
SustAb . .       Spirit   .     D - +0 pair of elf gloves
rMut   .         Warding  .     (no boots)
Saprov . . .     Stasis   .     (no amulet)
                                (no ring)
                                g - cursed ring of see invisible

@: invisible, mighty, brilliant, flying, quite poisoned, slightly resistant to
hostile enchantments, unstealthy
A: large bone plates 1, deterioration 1, strong 1
a: no special abilities


You were on level 2 of the Dungeon.
You were hungry.

You visited 1 branch of the dungeon, and saw 4 of its levels.

You collected 63 gold pieces.

Inventory:

Hand weapons
 a - a +0,+0 quarterstaff (weapon)
 l - a +0 blowgun
 n - a +0,+0 scimitar
 o - a +3,+1 elven falchion of electrocution
Missiles
 d - a throwing net (quivered)
 z - a throwing net [torn]
 B - a throwing net [frayed]
Armour
 b - a +0 leather armour (worn)
 c - a +0 helmet (worn)
 D - a +0 pair of elven gloves (worn)
Comestibles
 f - 2 bread rations
 i - 12 strawberries
 j - a choko
 v - a pear
 x - an apple
Scrolls
 e - a scroll of enchant armour {unknown}
 h - a scroll of curse jewellery
 m - a scroll of enchant weapon II {unknown}
 y - a scroll of enchant weapon I {unknown}
Jewellery
 g - a cursed ring of see invisible (left hand)
Potions
 u - 2 potions of might
 C - a potion of heal wounds {unknown}
Books
 A - a book of the Warp

   Spells                             Type                      Level
   Recall                             Summoning/Translocation      3
   Control Teleport                   Charms/Translocation         4
   Phase Shift                        Translocation                5
   Warp Weapon                        Charms/Translocation         5
   Dispersal                          Translocation                6
   Controlled Blink                   Translocation                7
   Disjunction                        Translocation                8


   Skills:
 + Level 2.6 Fighting
 * Level 3.8 Staves
 - Level 1.7 Throwing
 + Level 1.3 Armour
 + Level 3.2 Dodging
 + Level 0.5 Spellcasting


You had 4 spell levels left.
You didn't know any spells.

Dungeon Overview and Level Annotations

Branches:
Dungeon (4/16)
 Temple: D:4-7

Annotations:
D:4 Duvessa


Innate Abilities, Weirdness & Mutations

You are partially covered in large bone plates (AC +2, SH +2).
Your body is slowly deteriorating.
Your muscles are strong. (Str +2)


Message History

You sock the gnoll!
You kill the gnoll!
The gnoll completely misses you.
Unknown command.
Drink which item? (? for menu, Esc to quit)
That liquid tasted very nasty...
You are poisoned.
It was a potion of poison.
* * * LOW HITPOINT WARNING * * *
You feel sick.
You feel a little better.
Drink which item? (? for menu, Esc to quit)
There was something very wrong with that liquid!
You feel weakened.
It was a potion of degeneration.
The gnoll closely misses you. The rat bites you but does no damage.
Unknown command.
Drink which item? (? for menu, Esc to quit)
You fade into invisibility!
It was a potion of invisibility.
You die...

######....
########>........
#........######.#
#........#
#........#
#####'##.# #g#..#
#g#... #@#..##
#gr.......
#....#.#. #....#
#....# #....#
#?.... #....# ...


You could see 2 gnolls, a goblin and a rat.

Vanquished Creatures
  An orc wizard (D:4)
  2 worker ants (D:4)
  A gnoll (D:2)
  3 adders
  2 orcs (D:4)
  2 bats
  A hobgoblin (D:1)
  3 jackals (D:1)
  5 kobolds
  5 giant newts (D:2)
  4 goblins
  A quokka (D:4)
  A rat (D:2)
31 creatures vanquished.

Notes
Turn   | Place    | Note
--------------------------------------------------------------
     0 | D:1      | 4tharraofdagon, the Demigod Gladiator, began the quest for the Orb.
     0 | D:1      | Reached XP level 1. HP: 17/17 MP: 2/2
    78 | D:1      | Reached skill level 3 in Staves
   153 | D:2      | Reached XP level 2. HP: 22/24 MP: 3/3
   311 | D:3      | Reached XP level 3. HP: 21/29 MP: 5/5
   414 | D:3      | Found a shimmering altar of Xom.
   729 | D:4      | Reached skill level 1 in Armour
   773 | D:4      | Reached XP level 4. HP: 37/37 MP: 7/7
   849 | D:4      | Noticed Duvessa
   877 | D:2      | Gained mutation: Your muscles are strong. (Str +2) [potion of mutation]
   877 | D:2      | Gained mutation: You are partially covered in large bone plates (AC +2, SH +2). [potion of mutation]
   877 | D:2      | Gained mutation: Your body is slowly deteriorating. [potion of mutation]
   883 | D:2      | HP: 1/37 [poison (a potion of poison)]
   885 | D:2      | Succumbed to poison (a potion of poison)

Action                   |  1- 3 |  4- 6 || total
-------------------------+-------+-------++-------
Melee: Quarterstaff      |    75 |    22 ||    97
Throw: Throwing net      |     2 |     2 ||     4
  Use: Potion            |     1 |     7 ||     8
       Scroll            |     2 |       ||     2
 Stab: Held in net/web   |     1 |     2 ||     3
